 Dungeon Crawl Stone Soup version 0.31-a0-879-g1609e0ac53 (webtiles) character file.

Game seed: 4528420493695679789

217 Psyclone the Conjurer (level 5, -2/28 HPs)
             Began as a Deep Elf Conjurer on Oct 15, 2023.
             Slain by Duvessa
             ... wielding a +0 short sword
              (17 damage)
             ... on level 4 of the Dungeon.
             The game lasted 00:04:11 (3270 turns).

Psyclone the Conjurer (Deep Elf Conjurer)           Turns: 3270, Time: 00:04:12

Health: -2/28      AC:  4    Str:  4    XL:     5   Next: 62%
Magic:  4/11       EV: 12    Int: 25    God:
Gold:   220        SH:  0    Dex: 13    Spells: 7/10 levels left

rFire   . . .        e - +0 dagger
rCold   . . .        (no shield)
rNeg    . . .        a - +0 robe
rPois   .            k - +0 helmet
rElec   .            (no cloak)
rCorr   .            (no gloves)
SInv    .            q - +0 pair of boots
Will    .....        (no amulet)
Stlth   ++           (no ring)
HPRegen 0.24/turn    (no ring)
MPRegen 0.12/turn

%: no passive effects
@: no status effects
A: no striking features
a: no special abilities


You were on level 4 of the Dungeon.
You visited 1 branch of the dungeon, and saw 4 of its levels.

You collected 220 gold pieces.

Inventory:

Hand Weapons
 e - a +0 dagger (weapon)
Armour
 a - a +0 robe (worn)
 k - a +0 helmet (worn)
 q - a +0 pair of boots (worn)
Scrolls
 c - 3 scrolls of teleportation {unknown}
 f - 2 scrolls of identify {unknown}
 i - 2 scrolls of summoning {unknown}
 j - 2 scrolls of blinking {unknown}
 l - a scroll of torment {unknown}
 m - a scroll of amnesia {unknown}
 n - 2 scrolls of enchant armour {unknown}
 o - a scroll of noise {unknown}
Potions
 b - a potion of magic
 d - 3 potions of cancellation {unknown}
 g - a potion of attraction {unknown}
 h - 4 potions of might {unknown}
 p - a potion of curing {unknown}


   Skills:
 - Level 2.4 Dodging
 - Level 2.4 Stealth
 - Level 3.0 Spellcasting
 + Level 7.6 Conjurations


You had 7 spell levels left.
You knew the following spells:

 Your Spells              Type           Power      Damage    Failure   Level
a - Magic Dart            Conj           100%       1d8       1%          1
b - Searing Ray           Conj           84%        2d7       1%          2

Your spell library contained the following spells:

 Spells                   Type           Power      Damage    Failure   Level
 Dazzling Flash           Conj/Hex       44%        N/A       6%          3
 Fulminant Prism          Conj/Hex       11%        3d8       21%         4
 Iskenderun's Mystic Bla  Conj/Tloc      22%        2d6       21%         4
 Ozocubu's Armour         Ice            3%         N/A       30%         3
 Metabolic Englaciation   Hex/Ice        1%         N/A       95%         5
 Simulacrum               Ice/Necr       1%         N/A       100%        6


Dungeon Overview and Level Annotations

Branches:
Dungeon (4/15) Zot: 20724
 Temple: D:4-7

Altars:

Shops:
D:1 !

Annotations:
D:4 Duvessa


Message History

Confirm with . or Enter, or press ? or * to list all spells.
Aiming: Searing Ray (safe; 1% risk of failure)
Press: ? - help, Shift-Dir - straight line, f/p - Duvessa
Aim: Duvessa, wielding a +0 short sword and wearing a +0 leather armour (84% to hit)
The searing ray hits Duvessa.
Duvessa is lightly wounded. (Press . to maintain the ray.)
You now have 9/11 mp.
The searing ray hits Duvessa.
Duvessa is moderately wounded.
The searing ray hits Dowan!
Dowan is moderately wounded.
You now have 8/11 mp.
The searing ray hits Duvessa.
Duvessa is heavily wounded.
The searing ray hits Dowan.
Dowan is heavily wounded.
You now have 7/11 mp.
The searing ray hits Duvessa.
Duvessa is heavily wounded.
The searing ray hits Dowan.
Dowan is severely wounded.
You finish channelling your searing ray.
Duvessa closely misses you.
Dowan casts a spell at Duvessa.
Duvessa seems to speed up.
You now have 6/11 mp.
Casting: Searing Ray (safe; 1% risk of failure)
Confirm with . or Enter, or press ? or * to list all spells.
Aiming: Searing Ray (safe; 1% risk of failure)
Press: ? - help, Shift-Dir - straight line, f/p - Duvessa
Aim: Duvessa, wielding a +0 short sword and wearing a +0 leather armour (heavily wounded, fast, 84% to hit)
The searing ray misses Duvessa.
The searing ray hits Dowan!
You kill Dowan!
Duvessa weeps, and shakes her weapon.
Duvessa goes berserk! (Press . to maintain the ray.) Duvessa hits you with a +0 short sword! x2
Ouch! That really hurt!
You die...

#.#.###....... .# #.#.# ###....†
##.# #.#.# #.#### #.)
##.#.#####.# ## . #.#
#..........###. .. ####.###
###.#..########.. ... #......#
#...#...## ##...
....##.#....#####.#####..####....
...ee.........>e@...#.......+....
....##.#....#######.#....####....
... #.##.#.# #......# ##... e.
#.##.#.# #....#.# ##.. . #.##.#.#
######.# ##. #......# ###.#### ##
####.### #......##### #<#
#.#.##.#.... #. #.#.##.#.###


You could see Duvessa (berserk, fast).

Vanquished Creatures
  A black bear (D:4)
  A scorpion (D:4)
  Dowan (D:4)
  3 dart slugs
  2 orcs
  3 bats
  6 endoplasms
  5 giant cockroaches
  9 hobgoblins
  5 kobolds
  6 quokkas
  4 ball pythons
  4 frilled lizards
  3 goblins
  5 rats
58 creatures vanquished.

Notes
Turn   | Place    | Note
-------+----------+-------------------------------------------
     0 | D:1      | Psyclone the Deep Elf Conjurer began the quest for the Orb.
     0 | D:1      | Reached XP level 1. HP: 10/10 MP: 6/6
   180 | D:1      | Reached XP level 2. HP: 15/15 MP: 5/8
   250 | D:1      | Reached skill level 5 in Conjurations
   519 | D:1      | Found Oqajic's Distillery.
   724 | D:1      | Reached XP level 3. HP: 19/19 MP: 6/9
   984 | D:1      | Found a faded altar of an unknown god.
   992 | D:1      | Learned a level 2 spell: Searing Ray
  2051 | D:3      | Reached skill level 6 in Conjurations
  2755 | D:4      | Reached XP level 4. HP: 24/24 MP: 7/10
  2845 | D:4      | Noticed a scorpion
  2848 | D:4      | Killed a scorpion
  2906 | D:4      | Noticed a black bear
  2910 | D:4      | Killed a black bear
  2911 | D:4      | Reached skill level 7 in Conjurations
  2911 | D:4      | Reached XP level 5. HP: 28/28 MP: 5/11
  3249 | D:4      | Noticed Duvessa
  3249 | D:4      | Noticed Dowan
  3270 | D:4      | Killed Dowan
  3270 | D:4      | Slain by Duvessa

Illustrated notes

Levels and vault maps discovered:
D:1:      eino_arrival_water_star, layout_basic,
          shapermc_ecumenical_altar_hornbeckon, serial_shops,
          nicolae_lakefront_shop, minmay_pentomino_w2
D:2:      layout_basic, nicolae_elevator_lobby_asterisk
D:3:      layout_rooms
D:4:      layout_loops_corners, uniq_duvessa

Skill      XL: |  1  2  3  4 |
---------------+-------------+-----
Conjurations   | 5 6 7 |  7.6
Dodging        | |  2.4
Stealth        | |  2.4
Spellcasting   | |  3.0

Action                     |  1- 3 |  4- 6 || total
---------------------------+-------+-------++-------
  Melee: Dagger            |     1 |       ||     1
   Cast: Magic Dart        |    92 |     5 ||    97
         Searing Ray       |       |     4 ||     4
 Armour: Robe              |     4 |     2 ||     6
  Dodge: Dodged            |     3 |     1 ||     4

Table legend: (Time is in decaauts)
 A = Elapsed time spent in this place.
 B = Non-inter-level travel time spent in this place.
 C = Inter-level travel time spent in this place.
 D = Time resting spent in this place.
 E = Time spent auto-exploring this place.
 F = Levels seen in this place.
 G = Mean time per level.
                   A        B        C        D        E       F      G
               +--------+--------+--------+--------+--------+-----+--------+
         Total |   3274 |   3175 |     99 |      0 |   2914 |   4 |  818.5 |
       Dungeon |   3274 |   3175 |     99 |      0 |   2914 |   4 |  818.5 |
               +--------+--------+--------+--------+--------+-----+--------+

Top non-repeatable levels by time:
     D:1: 1019 daAuts
     D:2: 866 daAuts
     D:4: 790 daAuts
     D:3: 597 daAuts
